 Dungeon Crawl Stone Soup version 0.20.1-1-g8b1a95d (webtiles) character file.

4727 vatarom the Grappler (level 10, -1/96 HPs)
             Began as a Troll Transmuter on Sept 20, 2017.
             Was a Believer of Ashenzari.
             Slain by a cyclops (22 damage)
             ... on level 9 of the Dungeon.
             The game lasted 00:16:33 (7905 turns).

vatarom the Grappler (Troll Transmuter)             Turns: 7905, Time: 00:16:33

Health: -1/96      AC:  8    Str: 20    XL:     10   Next: 22%
Magic:  10/10      EV: 15    Int:  9    God:    Ashenzari [**....]
Gold:   761        SH:  0    Dex: 16    Spells: 5/11 levels left

rFire    . . .     SeeInvis +     - Unarmed
rCold    + . .     Gourm    +   (no shield)
rNeg     . . .     Faith    .   b - +1 robe (curse)
rPois    .         Spirit   .   (helmet restricted)
rElec    .         Reflect  .   m - +1 cloak (curse)
rCorr    .         Harm     .   (gloves unavailable)
MR       .....                  (boots unavailable)
Stlth    +++.......             l - amulet of magic regeneration
Regen    0.7/turn               g - +3 ring of dexterity (curse)
MPRegen  0.2/turn               w - ring of see invisible

@: no status effects
A: unfitting armour, claws 3, camouflage 1, cold resistance 1, deterioration 1,
fast metabolism 3, gourmand, regeneration 1, shaggy fur 1, tough skin 2, wild
magic 1
a: Curse Item, Scrying, Renounce Religion


You were on level 9 of the Dungeon.
You worshipped Ashenzari.
Ashenzari was pleased with you.
You were full.

You visited 2 branches of the dungeon, and saw 10 of its levels.
You also visited: Ossuary.

You collected 761 gold pieces.

Inventory:

Missiles
 a - 207 arrows
Armour
 b - a cursed +1 robe (worn)
 m - a cursed +1 cloak (worn)
Jewellery
 f - an uncursed ring of protection from magic
 g - a cursed +3 ring of dexterity (left claw)
 k - an uncursed ring of protection from fire
 l - an amulet of magic regeneration (around neck)
 w - a ring of see invisible (right claw)
Wands
 i - a wand of acid (6/15)
 r - a wand of paralysis (7/24)
 v - a wand of flame (9/48)
 x - a wand of flame (20/48)
Scrolls
 e - 3 scrolls of remove curse
 h - 5 scrolls of amnesia
 n - 3 scrolls of identify
 o - a scroll of blinking
 q - 2 scrolls of recharging
 t - 3 scrolls of enchant armour
 y - 2 scrolls of magic mapping
 z - a scroll of fog
Potions
 s - 2 potions of curing
 u - a potion of resistance
Books
 c - a book of Changes

   Spells                             Type                      Level
   a - Beastly Appendage              Transmutation                1
   b - Sticks to Snakes               Transmutation                2
   c - Spider Form                    Transmutation/Poison         3
   d - Ice Form                       Ice/Transmutation            4
   e - Blade Hands                    Transmutation                5
Comestibles
 d - 8 bread rations
 j - 5 fruits
 p - 4 royal jellies


   Skills:
 - Level 5.5 Fighting
 * Level 4.4 Throwing
 + Level 6.3(7.8) Dodging
 + Level 10.5 Unarmed Combat
 - Level 1.2 Spellcasting
 - Level 1.3 Transmutations


You had 5 spell levels left.
You knew the following spells:

 Your Spells              Type           Power        Failure   Level  Hunger
a - Beastly Appendage     Tmut           #.....       28%         1    ##.....
b - Sticks to Snakes      Tmut           #.......     38%         2    ###....
c - Spider Form           Tmut/Pois      #.........   71%         3    ####...


Dungeon Overview and Level Annotations

Branches:
Dungeon (9/15)             Temple (1/1) D:6
   Lair: D:8-11         Orc: D:9-12

Altars:
Ashenzari
Cheibriados
Dithmenos
Elyvilon
Fedhas
Gozag
Hepliaklqana
Kikubaaqudgha
Makhleb
Nemelex Xobeh
Okawaru
Qazlal
Ru
Sif Muna
Trog
Uskayaw
Vehumet
Xom
Yredelemnul
Zin
The Shining One

Annotations:
D:8 Dirian's ghost, novice MiBe


Innate Abilities, Weirdness & Mutations

You are too large for most types of armour.
You have claws for hands.
Your metabolism is lightning-fast.
You like to eat raw meat.
Your natural rate of healing is unusually fast.
You are covered in fur. (AC +1)
You have very tough skin. (AC +2)
Your skin changes colour to match your surroundings (Stealth+).
Your flesh is cold resistant. (rC+)
Your body sometimes deteriorates upon taking damage.
Your spells are a little harder to cast, but a little more powerful.


Message History

a - 207 arrows (gained 2)
The centaur shoots an arrow.
The arrow barely misses you.
Unknown command.
The centaur shoots an arrow.
The arrow hits you.
The cyclops throws a large rock.
The large rock hits you!!
You see here a large rock.
The centaur shoots an arrow.
The arrow hits you.
You see here 2 arrows.
The centaur shoots an arrow.
The arrow hits you!
The cyclops throws a large rock.
The large rock barely misses you.
Things that are here:
a large rock; an arrow The centaur misses you.
The cyclops hits you!!
* * * LOW HITPOINT WARNING * * *
The centaur hits you with an enchanted shortbow.
* * * LOW HITPOINT WARNING * * *
You see here a large rock.
Unknown command.
You feel better. The centaur completely misses you. The cyclops hits you!!
You die...

*
,,*##########....#
......#.
............(.# ,
#.
,........###'###,
#. ........##≈((.#*
####.
#######.#((.(## ,
...... #(##(((.#
,,...... *
#(#.≈.≈## ######
#(##≈.≈.# , , ,
,*########@#.≈.≈##*
* ,,,
.......Cc###_## , ,
..........#### , ,
..........#, , ,
,,, ,..........+ ,
,, ..........#, ,
..........# , ,, *
.......####
,,.c..... , ,


You could see a cyclops and a centaur.

Vanquished Creatures
  A two-headed ogre (D:7)
  A troll (D:9)
  A hornet (D:7)
  4 yaks (D:9)
  A hungry ghost (D:9)
  Menkaure (D:7)
  4 orc warriors
  3 ice beasts
  2 phantoms
  An ogre (D:4)
  2 centaurs (D:8)
  4 bullfrogs
  5 scorpions
  5 killer bees (D:7)
  A howler monkey (D:3)
  3 crimson imps
  3 hounds
  Crazy Yiuf (D:3)
  2 centaur skeletons
  3 orc priests
  6 orc wizards
  An iguana (D:9)
  A worker ant (D:4)
  A big kobold zombie (Ossuary)
  A hound zombie (D:7)
  8 mummies (Ossuary)
  A worker ant zombie (D:6)
  A gnoll (D:9)
  10 adders
  3 shadow imps
  2 adder skeletons (D:4)
  6 worms
  3 dart slugs
  5 leopard geckos
  33 orcs
  8 bats
  5 giant cockroaches
  A gnoll zombie (Ossuary)
  5 goblins
  13 hobgoblins
  6 jackals
  4 quokkas
  2 ball pythons
  6 frilled lizards
  3 hobgoblin zombies (Ossuary)
  6 kobolds
  2 kobold zombies (Ossuary)
  An orc zombie (Ossuary)
  12 rats
  3 plants (D:4)
207 creatures vanquished.

Notes
Turn   | Place    | Note
-------+----------+-------------------------------------------
     0 | D:1      | vatarom the Troll Transmuter began the quest for the Orb.
     0 | D:1      | Reached XP level 1. HP: 18/18 MP: 1/1
    79 | D:1      | Reached skill level 1 in Fighting
   143 | D:1      | Reached XP level 2. HP: 27/27 MP: 2/2
   751 | D:2      | Reached XP level 3. HP: 33/33 MP: 3/3
  1097 | D:2      | Reached skill level 4 in Unarmed Combat
  1273 | D:2      | Gained mutation: You are resistant to electric shocks. (rElec) [potion of mutation]
  1273 | D:2      | Gained mutation: Scrolls take you a little longer to read. [potion of mutation]
  1273 | D:2      | Gained mutation: Your body sometimes deteriorates upon taking damage. [potion of mutation]
  1273 | D:2      | Gained mutation: You are agile. (Dex +2) [potion of mutation]
  1275 | D:2      | Lost mutation: Your body sometimes deteriorates upon taking damage. [potion of mutation]
  1275 | D:2      | Lost mutation: Scrolls take you a little longer to read. [potion of mutation]
  1275 | D:2      | Gained mutation: Your mind is acute. (Int +2) [potion of mutation]
  1275 | D:2      | Gained mutation: You are occasionally teleported next to monsters. [potion of mutation]
  1275 | D:2      | Gained mutation: You are very agile. (Dex +4) [potion of mutation]
  1327 | D:2      | Reached XP level 4. HP: 41/41 MP: 4/4
  1579 | D:3      | Noticed a dagger
  1579 | D:3      | Noticed a hand axe
  1653 | D:3      | Found a hide-covered altar of Uskayaw.
  1756 | D:3      | Learned a level 2 spell: Sticks to Snakes
  1756 | D:3      | Reached XP level 5. HP: 49/49 MP: 5/5
  1767 | D:3      | Learned a level 3 spell: Spider Form
  1970 | D:3      | Found a runed door.
  1974 | D:3      | Noticed Crazy Yiuf
  2001 | D:3      | Paralysed by something for 5 turns
  2013 | D:3      | Killed Crazy Yiuf
  2013 | D:3      | Reached skill level 5 in Unarmed Combat
  2524 | D:4      | Reached XP level 6. HP: 57/59 MP: 6/6
  2744 | D:4      | Reached skill level 6 in Unarmed Combat
  2908 | D:4      | Found a deep blue altar of Sif Muna.
  2909 | D:4      | Found a blossoming altar of Fedhas.
  2911 | D:4      | Found a burning altar of Makhleb.
  3008 | D:4      | Reached XP level 7. HP: 65/67 MP: 7/7
  3161 | D:5      | Entered Level 5 of the Dungeon
  3519 | D:6      | Found a staircase to the Ecumenical Temple.
  3532 | Temple   | Entered the Ecumenical Temple
  3579 | Temple   | Became a worshipper of Ashenzari the Shackled
  3738 | D:6      | HP: 3/67 [orc priest/morningstar (8)]
  3875 | D:6      | Found a sand-covered staircase.
  3880 | Ossuary  | Entered an ossuary
  4151 | Ossuary  | Lost mutation: You are occasionally teleported next to monsters. [potion of mutation]
  4151 | Ossuary  | Lost mutation: Your mind is acute. (Int +2) [potion of mutation]
  4151 | Ossuary  | Lost mutation: You are very agile. (Dex +4) [potion of mutation]
  4151 | Ossuary  | Lost mutation: You are resistant to electric shocks. (rElec) [potion of mutation]
  4151 | Ossuary  | Lost mutation: You are agile. (Dex +2) [potion of mutation]
  4151 | Ossuary  | Gained mutation: Your spells are a little harder to cast, but a little more powerful. [potion of mutation]
  4151 | Ossuary  | Gained mutation: Your body sometimes deteriorates upon taking damage. [potion of mutation]
  4151 | Ossuary  | Gained mutation: Your skin changes colour to match your surroundings (Stealth+). [potion of mutation]
  4151 | Ossuary  | Gained mutation: Your flesh is cold resistant. (rC+) [potion of mutation]
  4338 | D:6      | Reached skill level 7 in Unarmed Combat
  4861 | D:7      | Reached XP level 8. HP: 78/78 MP: 8/8
  4930 | D:7      | Noticed Menkaure
  4936 | D:7      | Killed Menkaure
  5055 | D:7      | Reached * piety under Ashenzari
  5186 | D:7      | Reached skill level 8 in Unarmed Combat
  5330 | D:7      | Found a sparkling altar of Nemelex Xobeh.
  5566 | D:7      | Noticed a hornet
  5578 | D:7      | Paralysed by a hornet for 1 turns
  5581 | D:7      | Killed a hornet
  5704 | D:6      | Reached skill level 5 in Dodging
  5704 | D:6      | Reached skill level 9 in Unarmed Combat
  5704 | D:6      | Reached XP level 9. HP: 32/87 MP: 9/9
  6005 | D:8      | Noticed a two-headed ogre
  6185 | D:7      | Killed a two-headed ogre
  6185 | D:7      | Reached skill level 5 in Fighting
  6430 | D:8      | Reached skill level 10 in Unarmed Combat
  6457 | D:8      | Noticed Dirian's ghost (novice MiBe)
  6687 | D:8      | Reached skill level 1 in Throwing
  6838 | D:8      | Reached ** piety under Ashenzari
  7456 | D:9      | Noticed a troll
  7464 | D:9      | Killed a troll
  7464 | D:9      | Reached XP level 10. HP: 96/96 MP: 10/10
  7856 | D:9      | Found an iron altar of Okawaru.
  7890 | D:9      | Noticed a cyclops
  7905 | D:9      | Slain by a cyclops

Skill      XL: |  1  2  3  4  5  6  7  8  9 10 |
---------------+-------------------------------+-----
Fighting       | 1 2 3 4 5 |  5.5
Unarmed Combat | 4 5 6 7 9 10 | 10.5
Dodging        | 2 3 5 6 |  6.3
Throwing       | 3 4 |  4.4
Spellcasting   | |  1.2
Transmutations | |  1.3

Action                   |  1- 3 |  4- 6 |  7- 9 | 10-12 || total
-------------------------+-------+-------+-------+-------++-------
Melee: Unarmed           |   102 |   171 |   267 |    64 ||   604
       Punch             |     2 |     5 |    14 |     3 ||    24
 Cast: Spider Form       |       |     1 |       |       ||     1
Invok: Curse Item        |       |       |     3 |       ||     3
Evoke: Wand              |       |       |     9 |     1 ||    10
  Use: Scroll            |     7 |     5 |     6 |       ||    18
       Potion            |     4 |     3 |    11 |     2 ||    20
 Stab: Sleeping          |     2 |     8 |     8 |       ||    18
       Distracted        |     1 |       |       |       ||     1
       Paralysed         |       |       |     3 |       ||     3
  Eat: Chunk             |     9 |    20 |    21 |     9 ||    59
       Bread ration      |     1 |       |     3 |       ||     4
Armor: Robe              |    33 |    67 |    91 |    17 ||   208
Dodge: Dodged            |    50 |    96 |   195 |    71 ||   412
